 Dungeon Crawl Stone Soup version 0.23.2-30-g0e89c35 (webtiles) character file.

Game seed: 2851606006103922065

47 Fortress the Firebug (level 3, -4/26 HPs)
             Began as a Draconian Fire Elementalist on June 18, 2019.
             Slain by a worm (7 damage)
             ... on level 2 of the Dungeon.
             The game lasted 00:04:03 (1024 turns).

Fortress the Firebug (Draconian Fire Elementalist)  Turns: 1024, Time: 00:04:04

Health: -4/26      AC:  5    Str: 10    XL:     3   Next: 48%
Magic:  0/6        EV:  9    Int: 16    God:
Gold:   71         SH:  0    Dex: 11    Spells: 6/7 levels left

rFire    . . .     SeeInvis .   d - +0 dagger
rCold    . . .     Gourm    .   (no shield)
rNeg     . . .     Faith    .   (armour unavailable)
rPois    .         Spirit   .   (helmet restricted)
rElec    .         Reflect  .   (no cloak)
rCorr    .         Harm     .   (no gloves)
MR       .....                  (no boots)
Stlth    ++........             (no amulet)
HPRegen  0.08/turn              (no ring)
MPRegen  0.10/turn              (no ring)

@: lethally poisoned (-4 -> -8), constricted
A: unfitting armour, cold-blooded, AC +5
a: no special abilities


You were on level 2 of the Dungeon.
You were hungry.

You visited 1 branch of the dungeon, and saw 2 of its levels.

You collected 71 gold pieces.

Inventory:

Hand Weapons
 d - a +0 dagger (weapon)
Missiles
 a - 17 poisoned needles
 c - 39 stones (quivered)
Scrolls
 g - 3 scrolls of fear {unknown}
 h - 2 scrolls of teleportation {unknown}
 i - a scroll of remove curse {unknown}
 j - 2 scrolls of identify {unknown}
Potions
 e - a potion of brilliance {unknown}
 f - a potion of resistance {unknown}
 k - 2 potions of curing {unknown}
 l - a potion of ambrosia {unknown}
Comestibles
 b - 3 rations


   Skills:
 + Level 1.9 Dodging
 - Level 2.0 Stealth
 + Level 2.6 Spellcasting
 + Level 1.2 Conjurations
 + Level 3.7 Fire Magic


You had 6 spell levels left.
You knew the following spells:

 Your Spells              Type           Power        Failure   Level  Hunger
a - Flame Tongue          Conj/Fire      ##...        7%          1    #......

Your spell library contained the following spells:

 Spells                   Type           Power        Failure   Level  Hunger
 Throw Flame              Conj/Fire      ##....       11%         2    ##.....
 Conjure Flame            Conj/Fire      ##......     21%         3    ###....
 Inner Flame              Hex/Fire       #.......     26%         3    ###....
 Sticky Flame             Conj/Fire      ##......     56%         4    #####..
 Fireball                 Conj/Fire      ##........   88%         5    ######.


Dungeon Overview and Level Annotations

Branches:
Dungeon (2/15)

Altars:


Innate Abilities, Weirdness & Mutations

Your plain brown scales are hard. (AC +5)
You cannot fit into any form of body armour.
You are cold-blooded and may be slowed by cold attacks.


Message History

You hit the worm.
The worm is almost dead.
The worm bites you. The ball python closely misses you.
The ball python constricts you.
You hit the worm.
The worm is almost dead.
The ball python bites you but does no damage.
The ball python constricts you.
You barely miss the worm.
The worm is almost dead.
You feel sick. The ball python barely misses you.
* * * LOW HITPOINT WARNING * * *
The ball python constricts you. The worm bites you.
* * * LOW HITPOINT WARNING * * *
You completely miss the worm.
The worm is almost dead.
The ball python bites you.
* * * LOW HITPOINT WARNING * * *
x2 The ball python constricts you.
The worm bites you!
You die...

#..#+#..........#
##.#
#.........######
#.#
#...............
#.#
##.....[........
#..
#..............
#..............
###++..........
####+#.S.......#
.......†w@......#
................#
..............".#
.......##########
....... #......
....... #####


You could see a worm and a ball python.

Vanquished Creatures
  An adder (D:2)
  2 oozes (D:1)
  A dart slug (D:2)
  A leopard gecko (D:2)
  2 giant cockroaches (D:1)
  4 goblins
  4 hobgoblins
  3 bats (D:1)
  3 frilled lizards (D:1)
  3 kobolds (D:1)
  2 rats (D:2)
26 creatures vanquished.

Notes
Turn   | Place    | Note
-------+----------+-------------------------------------------
     0 | D:1      | Fortress the Draconian Fire Elementalist began the quest
                  | for the Orb.
     0 | D:1      | Reached XP level 1. HP: 14/14 MP: 3/3
   162 | D:1      | Reached XP level 2. HP: 20/20 MP: 0/5
   748 | D:2      | Reached XP level 3. HP: 26/26 MP: 1/6
   847 | D:2      | Found a faded altar of an unknown god.
  1024 | D:2      | Slain by a worm

Skill      XL: |  1 |
---------------+----+-----
Stealth        | 2 |  2.0
Dodging        | |  1.9
Spellcasting   | |  2.6
Conjurations   | |  1.2
Fire Magic     | |  3.7

Action                   || total
-------------------------++-------
Melee: Dagger            ||    32
 Cast: Flame Tongue      ||    44
Armor: Skin              ||    18
Dodge: Dodged            ||    26
